 Dungeon Crawl Stone Soup version 0.30-a0-234-g97d66968fd (webtiles) character file.

Game seed: 4816565829304467068

163 Caerun the Firebug (level 5, -1/39 HPs)
             Began as a Draconian Fire Elementalist on Oct 10, 2022.
             Killed from afar by Terence (13 damage)
             ... with a bolt of light
             ... on level 3 of the Dungeon.
             The game lasted 00:05:31 (2767 turns).

Caerun the Firebug (Draconian Fire Elementalist)    Turns: 2767, Time: 00:05:32

Health: -1/39      AC:  5    Str: 16    XL:     5   Next: 20%
Magic:  17/18      EV: 12    Int: 16    God:
Gold:   118        SH:  0    Dex: 13    Spells: 9/10 levels left

rFire   . . .      SeeInvis .    b - +0 rapier
rCold   . . .      Faith    .    (no shield)
rNeg    . . .      Spirit   .    (body armour unavailable)
rPois   .          Reflect  .    (helmet restricted)
rElec   .          Harm     .    (no cloak)
rCorr   .          Rampage  .    (no gloves)
Will    .....                    (no boots)
Stlth   +.........               (no amulet)
HPRegen 0.26/turn                f - ring of magical power
MPRegen 0.16/turn                i - +6 ring of strength

@: confused
A: AC +5, unfitting armour, cold-blooded
a: no special abilities


You were on level 3 of the Dungeon.
You visited 1 branch of the dungeon, and saw 3 of its levels.

You collected 118 gold pieces.

Inventory:

Hand Weapons
 b - a +0 rapier (weapon)
Jewellery
 f - a ring of magical power (left hand)
 i - a +6 ring of strength (right hand)
Scrolls
 c - a scroll of enchant weapon {unknown}
 e - 4 scrolls of identify {unknown}
 h - 2 scrolls of teleportation {unknown}
 j - a scroll of noise {unknown}
Potions
 a - a potion of magic
 d - a potion of attraction {unknown}
 g - a potion of ambrosia {unknown}
 k - a potion of brilliance {unknown}
 l - a potion of heal wounds {unknown}


   Skills:
 + Level 0.3 Fighting
 + Level 1.2 Short Blades
 * Level 2.3 Dodging
 + Level 2.0 Stealth
 + Level 3.3 Spellcasting
 + Level 2.2 Conjurations
 + Level 3.7 Fire Magic


You had 9 spell levels left.
You knew the following spells:

 Your Spells              Type           Power      Damage    Failure   Level
a - Foxfire               Conj/Fire      48%        2x1d6     5%          1

Your spell library contained the following spells:

 Spells                   Type           Power      Damage    Failure   Level
 Scorch                   Fire           28%        2d6       6%          2
 Inner Flame              Hex/Fire       8%         N/A       26%         3
 Kindle Blastsparks       Fire/Tloc/Air  12%        2d11      32%         3
 Flame Wave               Conj/Fire      12%        2d6       47%         4
 Ozocubu's Armour         Ice            2%         N/A       50%         3
 Metabolic Englaciation   Hex/Ice        1%         N/A       99%         5
 Simulacrum               Ice/Necr       1%         N/A       100%        6


Dungeon Overview and Level Annotations

Branches:
Dungeon (3/15)

Altars:
Trog

Annotations:
D:3 Terence


Innate Abilities, Weirdness & Mutations

Your plain brown scales are hard. (AC +5)
You cannot fit into any form of body armour.
You are cold-blooded and may be slowed by cold attacks.


Message History

a +0 whip; a gnoll corpse You see here an adder skeleton.
A frilled lizard comes into view.
You conjure some foxfire!
The frilled lizard hisses angrily.
The foxfire hits the frilled lizard.
You kill the frilled lizard!
Your foxfire dissipates!
You see here a frilled lizard corpse.
Found a ring mail.
Terence the Incautious comes into view.
He is wielding a +0 flail and carrying a wand of light (11).
Found 7 stones.
You conjure some foxfire!
The foxfire hits Terence.
Terence is moderately wounded.
The foxfire hits Terence but does no damage.
Terence is moderately wounded.
Terence zaps a wand.
The bolt of light hits you!
You are confused.
You're too confused to cast spells.
You bump into the rock wall.
You feel less confused.
You hit Terence.
You tail-slap Terence, but do no damage.
Terence is heavily wounded.
Terence hits you with a +0 flail.
You barely miss Terence.
Terence is heavily wounded.
Terence zaps a wand.
The bolt of light hits you!
Terence asks, "Do you want it fast or slow?"
Terence zaps a wand.
The bolt of light hits you!
You are too injured to fight recklessly!
You are too injured to fight recklessly!
Casting: Foxfire (safe; 5% risk of failure)
Confirm with . or Enter, or press ? or * to list all spells.
You conjure some foxfire!
Terence bares his teeth.
Terence zaps a wand.
The bolt of light hits you!
You are confused.
You die...

..#.# .##.# #'# .##.#
#.# #.# .##.# #.# #.#
....# #.# #### ##.##
.#### #.. ..# ##...##
.# #(# #.# #.....# .#
#.# ###v#####...### .#
#.###@.@..........####
##
#.....#v######........
#.#####.# #....####
#.# #[# #.#### #.. ..#
#.# ### #### #.# ..#
#.# #.# #.### ##
###<######...######.


You could see Terence (ally target).

Vanquished Creatures
  4 gnolls (D:3)
  5 adders
  3 worms
  2 dart slugs
  An orc (D:3)
  6 endoplasms
  3 giant cockroaches
  8 goblins
  6 hobgoblins
  6 kobolds
  6 quokkas
  3 ball pythons
  4 bats
  7 frilled lizards
  2 rats (D:3)
66 creatures vanquished.

Vanquished Creatures (others)
  153 foxfires
153 creatures vanquished.

Grand Total: 219 creatures vanquished

Notes
Turn   | Place    | Note
-------+----------+-------------------------------------------
     0 | D:1      | Caerun the Draconian Fire Elementalist began the quest for
                  | the Orb.
     0 | D:1      | Reached XP level 1. HP: 14/14 MP: 3/3
   448 | D:1      | Reached XP level 2. HP: 18/20 MP: 3/5
  1273 | D:2      | Reached XP level 3. HP: 17/26 MP: 6/6
  1772 | D:2      | Reached XP level 4. HP: 33/33 MP: 8/8
  1788 | D:2      | Identified the +1 ring mail of the Swamp {rCorr}
  2259 | D:3      | Found a faded altar of an unknown god.
  2260 | D:3      | Found a bloodstained altar of Trog.
  2544 | D:3      | Reached skill level 1 in Short Blades
  2562 | D:3      | Reached XP level 5. HP: 17/38 MP: 9/9
  2754 | D:3      | Noticed Terence
  2767 | D:3      | Killed from afar by Terence

Illustrated notes

Levels and vault maps discovered:
D:1:      giann_forest_graveyard, layout_loops_corners, grunt_decor_fettered,
          hex_large, st_stairs_13
D:2:      layout_basic, st_stairs_10
D:3:      layout_loops_corners, trog_butcher_becter, basic_ecumenical_altar,
          kennysheep_generic_room_13, uniq_terence

Skill      XL: |  1  2  3  4 |
---------------+-------------+-----
Dodging        | 2 |  2.3
Spellcasting   | 3 |  3.3
Conjurations   | 2 |  2.2
Stealth        | 2 |  2.0
Short Blades   | 1 |  1.2
Fighting       | |  0.3
Fire Magic     | |  3.7

Action                   |  1- 3 |  4- 6 || total
-------------------------+-------+-------++-------
Melee: Rapier            |    36 |    48 ||    84
       Tailslap          |     2 |     7 ||     9
       Punch             |       |     1 ||     1
 Cast: Foxfire           |    48 |    36 ||    84
 Stab: Sleeping          |       |     2 ||     2
Armor: Skin              |    31 |    16 ||    47
Dodge: Dodged            |    44 |    30 ||    74

Table legend: (Time is in decaauts)
 A = Elapsed time spent in this place.
 B = Non-inter-level travel time spent in this place.
 C = Inter-level travel time spent in this place.
 D = Time resting spent in this place.
 E = Time spent auto-exploring this place.
 F = Levels seen in this place.
 G = Mean time per level.
                   A        B        C        D        E       F      G
               +--------+--------+--------+--------+--------+-----+--------+
         Total |   2783 |   2769 |     14 |     69 |   2038 |   3 |  927.7 |
       Dungeon |   2783 |   2769 |     14 |     69 |   2038 |   3 |  927.7 |
               +--------+--------+--------+--------+--------+-----+--------+

Top non-repeatable levels by time:
     D:1: 1199 daAuts
     D:3: 816 daAuts
     D:2: 767 daAuts
